 Dungeon Crawl Stone Soup version 0.30-a0-996-ga6910c8ee8 (webtiles) character file.

Game seed: 4616415690328192150

6766 cforsyth the Summoner (level 11, 0/61 HPs)
             Began as an Octopode Summoner on Apr 5, 2023.
             Was an Initiate of Gozag.
             Killed from afar by an electric eel (12 damage)
             ... with a bolt of electricity
             ... on level 8 of the Dungeon.
             The game lasted 00:25:41 (12614 turns).

cforsyth the Summoner (Octopode Summoner)          Turns: 12614, Time: 00:25:42

Health: 0/61       AC:  1    Str: 13    XL:     11   Next: 4%
Magic:  22/24      EV: 13    Int: 22    God:    Gozag
Gold:   902        SH:  5    Dex: 13    Spells: 16/29 levels left

rFire   + . .      SeeInvis .    z - +5 mace (freeze)
rCold   . . .      Faith    .    (no shield)
rNeg    . . .      Spirit   .    (helmet restricted)
rPois   .          Reflect  +    o - amulet of reflection
rElec   .          Rampage  .    h - ring of willpower
rCorr   .                        t - +6 ring of strength
Will    +....                    A - ring of protection from fire
Stlth   +++                      (no ring)
HPRegen 0.30/turn                (no ring)
MPRegen 0.19/turn                (no ring)
                                 (no ring)
                                 (no ring)

@: no status effects
A: almost no armour, amphibious, 8 rings, camouflage 1, gelatinous body 1,
(nimble swimmer 1), tentacles
a: Renounce Religion, Potion Petition, Call Merchant, Bribe Branch


You were on level 8 of the Dungeon.
You worshipped Gozag.
Gozag was pleased with you.
You visited 1 branch of the dungeon, and saw 8 of its levels.

You collected 965 gold pieces.
You paid 63 gold pieces to Gozag.

Inventory:

Hand Weapons
 x - a +4 short sword
 z - a +5 mace of freezing (weapon)
Magical Staves
 E - a staff of earth
Jewellery
 h - a ring of willpower (left tentacle)
 o - an amulet of reflection (around mantle)
 t - a +6 ring of strength (right tentacle)
 y - a ring of ice
 A - a ring of protection from fire (on tentacle)
 G - a ring of resist corrosion
Wands
 q - a wand of quicksilver (24)
 D - a wand of digging (7)
Scrolls
 b - 10 scrolls of identify {unknown}
 c - 3 scrolls of magic mapping {unknown}
 g - a scroll of acquirement {unknown}
 i - 4 scrolls of poison {unknown}
 j - 3 scrolls of teleportation {unknown}
 k - a scroll of torment {unknown}
 l - a scroll of fog {unknown}
 m - a scroll of amnesia {unknown}
 r - 2 scrolls of noise {unknown}
 v - 2 scrolls of immolation {unknown}
 w - 2 scrolls of vulnerability {unknown}
 B - a scroll of fear {unknown}
 F - a scroll of butterflies {unknown}
Potions
 a - a potion of magic
 d - a potion of resistance {unknown}
 e - 2 potions of heal wounds {unknown}
 f - 3 potions of degeneration {unknown}
 n - a potion of brilliance {unknown}
 p - 4 potions of curing {unknown}
 s - 2 potions of haste {unknown}
 u - a potion of might {unknown}
 C - a potion of mutation {unknown}


   Skills:
 - Level 2.0 Dodging
 - Level 2.6 Stealth
 + Level 9.9 Spellcasting
 - Level 5.0 Hexes
 + Level 11.3 Summonings
 - Level 5.0 Air Magic


You had 16 spell levels left.
You knew the following spells:

 Your Spells              Type           Power      Damage    Failure   Level
a - Summon Small Mammal   Summ           100%       N/A       1%          1
b - Call Imp              Summ           57%        N/A       1%          2
c - Call Canine Familiar  Summ           57%        N/A       1%          3
d - Summon Guardian Gole  Hex/Summ       46%        N/A       1%          3
e - Summon Lightning Spi  Summ/Air       46%        N/A       2%          4

Your spell library contained the following spells:

 Spells                   Type           Power      Damage    Failure   Level
 Beastly Appendage        Tmut           20%        N/A       6%          1
 Wereblood                Tmut           10%        N/A       10%         2
 Ozocubu's Armour         Ice            10%        N/A       19%         3
 Spider Form              Tmut/Pois      10%        N/A       19%         3
 Ozocubu's Refrigeration  Ice            5%         4d8       100%        7


Dungeon Overview and Level Annotations

Branches:
Dungeon (8/15)             Temple (0/1) D:7
   Lair: D:8-11

Altars:
Cheibriados
Gozag
Makhleb
Ru
Sif Muna

Shops:
D:4 =   D:7 [[?[


Innate Abilities, Weirdness & Mutations

You cannot wear most types of armour.
You are amphibious.
You can wear up to eight rings at the same time.
Your skin changes colour to match your surroundings (Stealth+).
Your rubbery body absorbs attacks. (AC +1, EV +1)
((You are camouflaged when in or above water. (Stealth+)))
You have tentacles for arms and can constrict up to eight enemies at once.


Message History

You start resting.
Your warg is engulfed in blazing flames. x2
Your warg dies!
Your warg's corpse disappears in a puff of smoke!
You start resting.
Magic restored.
You now have 902 gold pieces (gained 10).
There is an open door here.
Casting: Call Canine Familiar (safe; 1% risk of failure)
Confirm with . or Enter, or press ? or * to list all spells.
The electric eel shoots out a bolt of lightning at you!
The bolt of electricity hits your warg! The bolt of electricity hits you!
What are your orders? t - Shout!
Orders for allies: a - Attack new target. r - Retreat! s - Stop attacking. g - Guard the area. f - Follow me.
Anything else - Cancel.
Gang up on whom?
Press: ? - help, Dir - move target, f - electric eel
Aim: an electric eel (ally target) Attack!
The electric eel shoots out a bolt of lightning at you!
The bolt of electricity hits your warg. The bolt of electricity hits you!
The electric eel shoots out a bolt of lightning at you!
The bolt of electricity hits you!
The electric eel shoots out a bolt of lightning at you!
The bolt of electricity hits your warg. The bolt of electricity hits you!
Your warg misses the electric eel. Your warg misses the electric eel.
Your warg bites the electric eel!
The electric eel shoots out a bolt of lightning at you!
The bolt of electricity hits you!
* * * LOW HITPOINT WARNING * * *
There is an open door here.
Your warg bites the electric eel!
The electric eel shoots out a bolt of lightning at you!
The bolt of electricity hits you!
You die...
Your body crumbles into a pile of gold.

#########.########.####
####...................#..
.......#.>.............#..
.......##....#............
.~..$...#.................
≈~~.....#...#######.....∩.
≈~≈~....#..)# #.......
~~~~....#...# #.......
~~S~....'@..# #.......
~~h~~.#.###.# #.######
~...~ #.# #.# .##.#
......#.###.###.###.# ##.
................ #
######.....##### #######


You could see an electric eel (ally target) and a friendly warg (summoned).

Vanquished Creatures
  An orc priest (D:4)
  An adder (D:3)
  A white imp (D:6)
  An orc (D:3)
  A hobgoblin (D:1)
  A quokka (D:5)
  2 frilled lizards
8 creatures vanquished.

Vanquished Creatures (collateral kills)
  A two-headed ogre (D:8)
  A troll (D:8)
  A polar bear (D:8)
  Grinder (D:5)
  2 yaks (D:8)
  A yak (shapeshifter) (D:8)
  Eustachio (D:5)
  A basilisk (D:8)
  3 steam dragons
  3 water moccasins
  2 sky beasts
  2 black bears (D:7)
  3 ice beasts
  An ogre (D:5)
  2 centaurs
  A phantom (D:5)
  2 kobold brigands
  A bullfrog (D:6)
  2 scorpions (D:6)
  3 wights
  3 killer bees (D:7)
  A howler monkey (D:8)
  3 electric eels (D:8)
  An orc priest (D:8)
  A hound (D:5)
  5 jellies
  3 iguanas
  3 sleepcaps
  A killer bee simulacrum (D:8)
  Robin (D:2)
  5 adders
  2 shadow imps (D:5)
  6 white imps
  4 ufetubi
  A worm (D:2)
  A dart slug (D:2)
  18 orcs
  7 ball pythons
  10 endoplasms
  5 giant cockroaches
  15 goblins
  7 hobgoblins
  17 kobolds
  4 quokkas
  2 bats (D:1)
  2 frilled lizards (D:1)
  7 rats
169 creatures vanquished.

Vanquished Creatures (others)
  A two-headed ogre (D:7)
  2 polar bears (D:8)
  3 wyverns
  A black bear (D:5)
  A kobold brigand (D:7)
  5 wights
  2 jellies (D:6)
  An orc (D:7)
16 creatures vanquished.

Grand Total: 193 creatures vanquished

Notes
Turn   | Place    | Note
-------+----------+-------------------------------------------
     0 | D:1      | cforsyth the Octopode Summoner began the quest for the Orb.
     0 | D:1      | Reached XP level 1. HP: 11/11 MP: 3/3
   384 | D:1      | Reached XP level 2. HP: 17/17 MP: 1/5
   423 | D:1      | Learned a level 2 spell: Call Imp
  1420 | D:2      | Reached XP level 3. HP: 21/21 MP: 2/7
  1424 | D:2      | Learned a level 3 spell: Call Canine Familiar
  1696 | D:2      | Found a burning altar of Makhleb.
  2052 | D:2      | Reached XP level 4. HP: 27/27 MP: 4/8
  2119 | D:2      | Learned a level 3 spell: Summon Guardian Golem
  2139 | D:2      | Noticed Robin
  2153 | D:2      | Killed Robin
  2520 | D:3      | Reached skill level 5 in Summonings
  2686 | D:3      | Noticed a centaur
  2953 | D:3      | Reached XP level 5. HP: 31/31 MP: 10/10
  2963 | D:3      | Reached skill level 1 in Hexes
  2988 | D:3      | You fall into a shaft and drop 1 floor!
  4110 | D:4      | Found Hotz's Jewellery Boutique.
  4292 | D:4      | Reached XP level 6. HP: 32/36 MP: 4/12
  4727 | D:4      | Learned a level 4 spell: Summon Lightning Spire
  4740 | D:5      | Entered Level 5 of the Dungeon
  4785 | D:5      | Found an opulent altar of Gozag.
  4791 | D:5      | Noticed Eustachio
  5016 | D:5      | Killed Eustachio
  5017 | D:5      | Reached skill level 1 in Air Magic
  5123 | D:5      | Noticed Grinder
  5135 | D:5      | Killed Grinder
  5136 | D:5      | Reached skill level 6 in Summonings
  5136 | D:5      | Reached XP level 7. HP: 41/41 MP: 9/13
  5598 | D:5      | Reached skill level 5 in Spellcasting
  5598 | D:5      | Reached XP level 8. HP: 46/46 MP: 5/15
  7246 | D:5      | Became a worshipper of Gozag Ym Sagoz the Greedy
  7337 | D:6      | Reached skill level 7 in Summonings
  7470 | D:6      | Reached skill level 5 in Hexes
  7893 | D:6      | Found a sacrificial altar of Ru.
  7971 | D:6      | Reached XP level 9. HP: 46/51 MP: 6/17
  8400 | D:6      | Reached skill level 5 in Air Magic
  8436 | D:6      | Reached skill level 8 in Summonings
  9161 | D:7      | Found Cedateo's Armour Emporium.
  9171 | D:7      | Found a shimmering blue altar of Sif Muna.
  9382 | D:7      | Found a snail-covered altar of Cheibriados.
  9564 | D:7      | Found Paed's Magic Scroll Shop.
  9591 | D:7      | Found a staircase to the Ecumenical Temple.
  9593 | D:7      | Found Sasaowni's Antique Armour Shoppe.
  9744 | D:7      | Found Doresaaj's Antique Armour Boutique.
  9841 | D:7      | Noticed a two-headed ogre
  9851 | D:7      | Killed a two-headed ogre
  9852 | D:7      | Reached skill level 9 in Summonings
  9852 | D:7      | Reached XP level 10. HP: 56/56 MP: 17/21
 11205 | D:8      | Found a snail-covered altar of Cheibriados.
 11245 | D:8      | Reached skill level 10 in Summonings
 11778 | D:8      | Noticed a two-headed ogre
 11789 | D:8      | Killed a two-headed ogre
 12009 | D:8      | Reached skill level 11 in Summonings
 12100 | D:8      | Reached XP level 11. HP: 46/61 MP: 14/24
 12614 | D:8      | Killed from afar by an electric eel

Illustrated notes

Levels and vault maps discovered:
D:1:      psy_arrival_heroes, layout_basic
D:2:      layout_loops_ring, basic_altar, uniq_robin
D:3:      layout_loops_ring
D:4:      layout_basic, serial_shops, shop
D:5:      layout_loops_cross, grunt_gozag_statues, kennysheep_generic_room_3,
          uniq_grinder, uniq_eustachio
D:6:      layout_loops_ring, mainiacjoe_overflow_boulevard
D:7:      layout_rooms, nicolae_sif_muna_condensation, minmay_temple_entry_tees,
          serial_shops, nicolae_shop_stone, shop, shop, nicolae_shop_trees,
          nrook_campfire, minmay_ruined_shrine
D:8:      nzn_winding_woodlands_cross [nzn_winding_woodlands_5x15_default,
          nzn_winding_woodlands_5x15_jagged, nzn_winding_woodlands_5x15_pool,
          nzn_winding_woodlands_5x15_longhouse,
          nzn_winding_woodlands_15x15_thick_spiral], layout_gridville,
          cheibriados_altar_1, nicolae_overflow_crystal_walls, serial_ice,
          serial_ice_j, serial_ice_g, serial_ice_b, serial_ice_m, serial_ice_a,
          serial_ice_e, serial_ice_f, minmay_misc_feat_enclosed,
          kennysheep_generic_room_9

Skill      XL: |  1  2  3  4  5  6  7  8  9 10 |
---------------+-------------------------------+-----
Spellcasting   | 3 4 5 7 9 |  9.9
Summonings     | 5 6 7 9 11 | 11.3
Hexes          | 2 3 5 |  5.0
Air Magic      | 2 4 5 |  5.0
Dodging        | |  2.0
Stealth        | |  2.6

Action                     |  1- 3 |  4- 6 |  7- 9 | 10-12 || total
---------------------------+-------+-------+-------+-------++-------
  Melee: Unarmed           |     7 |    21 |     6 |       ||    34
         Constrict         |     4 |     6 |     1 |       ||    11
         Tentacles         |       |     7 |     1 |     1 ||     9
         Mace              |       |       |     3 |     3 ||     6
   Cast: Summon Small Mamm |    30 |    17 |    51 |    12 ||   110
         Call Imp          |     8 |    12 |    25 |     7 ||    52
         Call Canine Famil |     6 |    27 |    39 |    19 ||    91
         Summon Guardian G |       |       |     9 |    21 ||    30
         Summon Lightning  |       |       |     1 |    12 ||    13
    Use: Potion            |     1 |       |       |       ||     1
   Stab: Sleeping          |       |     1 |       |       ||     1
 Armour: Skin              |     3 |     2 |       |       ||     5
  Dodge: Dodged            |    20 |    36 |    32 |    16 ||   104
  Block: Other             |       |       |    12 |     5 ||    17
         Reflection        |       |       |     1 |     1 ||     2

Table legend: (Time is in decaauts)
 A = Elapsed time spent in this place.
 B = Non-inter-level travel time spent in this place.
 C = Inter-level travel time spent in this place.
 D = Time resting spent in this place.
 E = Time spent auto-exploring this place.
 F = Levels seen in this place.
 G = Mean time per level.
                   A        B        C        D        E       F      G
               +--------+--------+--------+--------+--------+-----+--------+
         Total |  12618 |  12226 |    392 |   2613 |   7118 |   8 | 1577.2 |
       Dungeon |  12618 |  12226 |    392 |   2613 |   7118 |   8 | 1577.2 |
               +--------+--------+--------+--------+--------+-----+--------+

Top non-repeatable levels by time:
     D:8: 1932 daAuts
     D:6: 1870 daAuts
     D:5: 1847 daAuts
     D:3: 1579 daAuts
     D:7: 1533 daAuts
     D:4: 1332 daAuts
     D:2: 1309 daAuts
     D:1: 1213 daAuts
